AoeStats
← Cinnamoroll

African Clearing

506040641Analyzed
4v4 RM · 20d ago on Sep 12, 2026· 32m 53s· 8 players
Game mode
Random Map
Map size
Large (8 player)
Population
200
Speed
Normal
Resources
Standard
Victory
Conquest
Starting age
Dark Age
Ending age
Imperial Age
RankedLock teamsTeams togetherTeam positionsShared explorationLock speedFull tech treeHidden civsTurbo modeCheats
Victory
Defeat
🇦🇷 Burgundians · Argentina
1535
+16
🇲🇽 Celts · Mexico
1533
+16
🇲🇽 Goths · Mexico
1532
+16
🇲🇽 Lithuanians · Mexico
1529
+16
🇨🇦 Koreans · Canada
1536
-16
🇦🇷 Vietnamese · Argentina
1533
-16
🇯🇵 Ethiopians · Japan
1533
-16
🇺🇸 Poles · United States
1526
-16
GareBear330
6:25 Loom
11:54 Feudal Age
12:28 Double-Bit Axe
19:46 Fletching
19:56 Padded Archer Armor
26:31 Castle Age
28:52 Bow Saw
31:12 Horse Collar
Cinnamoroll
11:43 Loom
17:35 Feudal Age
18:52 Double-Bit Axe
21:24 Castle Age
20:20 Gold Mining
20:16 Fishing Lines
22:34 Bow Saw
23:21 Fletching
25:40 Bodkin Arrow
26:35 Ballistics
29:45 Thumb Ring
29:56 Husbandry
31:12 Horse Collar
32:47 Wheelbarrow
31:57 Town Watch
[BRANCA] Lord_FeDe
10:14 Loom
12:35 Feudal Age
16:28 Forging
24:44 Castle Age
24:51 Double-Bit Axe
25:17 Horse Collar
YEBISU
12:07 Feudal Age
13:55 Loom
16:41 Castle Age
15:06 Fletching
15:25 Double-Bit Axe
15:38 Horse Collar
16:45 Crossbowman
29:20 Scale Mail Armor
Daniel
3:55 Loom
11:47 Feudal Age
16:43 Forging
20:10 Wheelbarrow
19:35 Double-Bit Axe
20:13 Horse Collar
26:30 Castle Age
24:51 Scale Barding Armor
25:01 Stone Mining
27:42 Chain Barding Armor
28:22 Heavy Plow
30:10 Bloodlines
30:15 Gold Mining
33:58 Iron Casting
Trazo_
6:43 Loom
12:46 Feudal Age
13:13 Man-at-Arms
13:58 Double-Bit Axe
18:07 Fletching
19:17 Forging
24:17 Scale Mail Armor
25:06 Wheelbarrow
24:13 Horse Collar
26:41 Gold Mining
30:26 Castle Age
29:19 Stone Mining
Mike
3:52 Loom
7:18 Double-Bit Axe
13:26 Feudal Age
17:18 Castle Age
17:09 Bow Saw
17:08 Scale Barding Armor
17:35 Cavalier
21:39 Forging
24:44 Horse Collar
27:26 Chain Barding Armor
29:12 Wheelbarrow
29:02 Husbandry
33:08 Heavy Plow
ElSucioDan_
5:50 Loom
13:09 Feudal Age
17:19 Castle Age
15:54 Double-Bit Axe
21:46 Scale Mail Armor
30:52 Chain Mail Armor
Connection lost

Rejoining the realm…

Still unreachable

The connection could not be restored.

Session expired

The server has moved on; the page needs a fresh start.